 Dungeon Crawl Stone Soup version 0.28.0 (webtiles) character file.

Game seed: 9765253042533593432

49 multipassport the Ruffian (level 3, -2/26 HPs)
             Began as a Vampire Berserker on Feb 12, 2022.
             Was a Follower of Trog.
             Slain by an adder (3 damage)
             ... on level 2 of the Dungeon.
             The game lasted 00:03:30 (1007 turns).

multipassport the Ruffian (Vampire Berserker)       Turns: 1007, Time: 00:03:31

Health: -2/26      AC:  3    Str: 16    XL:     3   Next: 53%
Magic:  3/3        EV: 13    Int:  9    God:    Trog [*.....]
Gold:   46         SH:  0    Dex: 15    Spells: 2/2 levels left

rFire   . . .      SeeInvis +     - Unarmed
rCold   . . .      Faith    .   (no shield)
rNeg    . . .      Spirit   .   a - +0 animal skin
rPois   .          Reflect  .   (no helmet)
rElec   .          Harm     .   (no cloak)
rCorr   .          Rampage  .   f - +0 pair of gloves
Will    .....                   (no boots)
Stlth   +.........              (no amulet)
HPRegen 0.28/turn               (no ring)
MPRegen 0.08/turn               (no ring)

@: lethally poisoned (-2 -> -7), healing quickly
A: alive, fangs 3, see invisible, vampiric 2, [frail 1]
a: Exsanguinate, Renounce Religion, Berserk


You were on level 2 of the Dungeon.
You worshipped Trog.
Trog was aware of your devotion.
You visited 1 branch of the dungeon, and saw 2 of its levels.

You collected 46 gold pieces.

Inventory:

Armour
 a - a +0 animal skin (worn)
 f - a +0 pair of gloves (worn)
Scrolls
 b - 3 scrolls of identify {unknown}
 e - a scroll of amnesia {unknown}
Potions
 c - a potion of cancellation {unknown}
 d - a potion of curing {unknown}


   Skills:
 + Level 3.1 Fighting
 + Level 2.1 Armour
 + Level 2.9 Dodging
 + Level 3.7 Unarmed Combat


You had 2 spell levels left.
You didn't know any spells.
Your spell library was empty.

Dungeon Overview and Level Annotations

Branches:
Dungeon (2/15)

Altars:


Innate Abilities, Weirdness & Mutations

Your natural rate of healing is accelerated.
You have razor-sharp teeth.
You have supernaturally acute eyesight. (SInv)
You are afflicted with vampirism and can become a bat while bloodless.
[You are frail. (-10% HP)]


Message History

You feel sick. The adder bites you but does no damage.
You feel sick.
A giant cockroach comes into view.
You feel sick.
You are no longer poisoned.
You barely miss the adder. Your bite misses the adder.
The adder is heavily wounded.
The adder barely misses you.
You closely miss the adder. Your bite misses the adder.
The adder is heavily wounded.
The adder bites you.
* * * LOW HITPOINT WARNING * * *
The adder closely misses you.
You miss the adder.
The adder is heavily wounded.
The adder bites you.
* * * LOW HITPOINT WARNING * * *
You are poisoned.
The adder poisons you!
You hit the adder. You bite the adder.
The adder is almost dead.
You recover from your berserk rage.
You feel sick. The adder barely misses you.
You hit the adder but do no damage.
The adder is almost dead.
You feel sick. The giant cockroach barely misses you. The adder bites you.
* * * LOW HITPOINT WARNING * * *
You are lethally poisoned!
The adder poisons you!
You miss the adder.
The adder is almost dead.
* * * LOW HITPOINT WARNING * * *
You feel sick.
The giant cockroach bites you but does no damage.
The adder barely misses you.
You miss the adder.
The adder is almost dead.
* * * LOW HITPOINT WARNING * * *
You feel sick. The adder bites you.
You die...

#..# ##..## ### ...... ..#
### #..#. #.# .... #....
#.# ..... #.#.# #.#
.....#####B#.######.#######
#.......##@#.#..†...<......
#.......##S#....###.#######
#......[†.S.....# #.#
#...............# #.#
....................#
........###.#########
#.......# #.# .#.###### #.#
#.# #.#


You could see an adder, a giant cockroach and a ball python.

Vanquished Creatures
  An adder (D:2)
  2 ball pythons (D:1)
  2 bats (D:1)
  3 endoplasms (D:1)
  3 giant cockroaches (D:1)
  4 goblins (D:1)
  4 hobgoblins
  4 jackals (D:1)
  4 frilled lizards
  6 kobolds (D:1)
  A rat (D:1)
34 creatures vanquished.

Notes
Turn   | Place    | Note
-------+----------+-------------------------------------------
     0 | D:1      | multipassport the Vampire Berserker began the quest for the
                  | Orb.
     0 | D:1      | Reached XP level 1. HP: 17/17 MP: 1/1
    87 | D:1      | Reached XP level 2. HP: 12/20 MP: 2/2
   416 | D:1      | Gained mutation: You are afflicted with vampirism and can
                  | become a bat while bloodless. [Vampire growth]
   416 | D:1      | Reached XP level 3. HP: 26/26 MP: 3/3
  1007 | D:2      | HP: 1/26 [poisoned by an adder]
  1007 | D:2      | Slain by an adder

Illustrated notes

Levels and vault maps discovered:
D:1:      erik_arrival_cave_to_civilisation [erik_arrival_cave_to_temple],
          layout_loops_ring
D:2:      layout_loops_ring

Skill      XL: |  1  2 |
---------------+-------+-----
Fighting       | 3 |  3.1
Armour         | 2 |  2.1
Dodging        | |  2.9
Unarmed Combat | |  3.7

Action                   || total
-------------------------++-------
Melee: Unarmed           ||   127
       Bite              ||     9
       Punch             ||     2
Invok: Berserk           ||     5
 Abil: Exsanguinate      ||     1
       Revivify          ||     1
 Stab: Sleeping          ||     1
Armor: Animal skin       ||    22
Dodge: Dodged            ||    82
